 Dungeon Crawl Stone Soup version 0.20.1-1-g8b1a95d (webtiles) character file.

6454 equalderp2856 the Cleaver (level 10, -2/88 HPs)
             Began as a Minotaur Fighter on Sept 7, 2017.
             Slain by a queen bee (6 damage)
             ... on level 1 of the Lair of Beasts.
             The game lasted 00:26:06 (9341 turns).

equalderp2856 the Cleaver (Minotaur Fighter)        Turns: 9341, Time: 00:26:06

Health: -2/88      AC: 15    Str: 21    XL:     10   Next: 67%
Magic:  9/9        EV:  7    Int:  6    God:
Gold:   480        SH: 11    Dex: 12    Spells: 6/9 levels left

rFire    x . .     SeeInvis .   W - +0 broad axe
rCold    + . .     Gourm    .   N - +0 shield (curse)
rNeg     . . .     Faith    .   b - +0 plate armour
rPois    .         Spirit   .   (helmet restricted)
rElec    .         Reflect  .   (no cloak)
rCorr    +         Harm     .   Q - +0 pair of gloves
MR       .....                  (no boots)
Stlth    ..........             C - amulet of regeneration
Regen    0.7/turn               g - ring of resist corrosion
MPRegen  0.2/turn               H - ring of ice

@: lethally poisoned (-2 -> -11), about to teleport
A: retaliatory headbutt, horns 2
a: no special abilities


You were on level 1 of the Lair of Beasts.
You were near starving.

You visited 2 branches of the dungeon, and saw 10 of its levels.
You also visited: Ossuary.

You collected 480 gold pieces.

Inventory:

Hand Weapons
 a - a +1 war axe
 d - the +4 war axe of Attainder {flame, Str+2 Int+3}
   (You acquired it on level 6 of the Dungeon)

   It has been specially enchanted to burn those struck by it, causing extra
   injury to most foes and up to half again as much damage against particularly
   susceptible opponents.
   Big, fiery blades are also staple armaments of hydra-hunters.
   It affects your strength (+2).
   It affects your intelligence (+3).
 P - a +3 battleaxe
 R - a +4 hand axe
 W - a +0 broad axe (weapon)
 X - a +0 spear
Armour
 b - a +0 plate armour (worn)
 c - a +0 shield
 I - the +0 ring mail of the Poles {rElec rPois Int-5 Slay+2}
   (You found it on level 6 of the Dungeon)

   It affects your intelligence (-5).
   It affects your accuracy and damage with ranged weapons and melee attacks
   (+2).
   It insulates you from electricity.
   It protects you from poison.
 L - a +2 leather armour of poison resistance
 N - a cursed +0 shield (worn)
 O - a cursed -1 large shield
 Q - a +0 pair of gloves (worn)
Jewellery
 g - a ring of resist corrosion (left hand)
 q - a cursed -2 ring of protection {unknown}
 C - an amulet of regeneration (around neck)
 D - an uncursed amulet of regeneration
 F - a +5 ring of strength
 G - an uncursed ring of fire {unknown}
 H - a ring of ice (right hand)
 U - an uncursed amulet of the gourmand {unknown}
Wands
 e - a wand of flame (10/48)
 u - a wand of clouds (5/9)
 w - a wand of iceblast (11/15)
 x - a wand of polymorph (24/24)
 E - a wand of flame (29/48)
 Y - a wand of polymorph (7/24)
 Z - a wand of iceblast (12/15)
Scrolls
 j - a scroll of enchant weapon
 l - a scroll of amnesia
 o - 8 scrolls of identify
 s - a scroll of magic mapping
 y - 3 scrolls of remove curse
 M - a scroll of recharging
Potions
 h - 7 potions of curing
 i - a potion of resistance {unknown}
 k - 3 potions of heal wounds
 p - a potion of invisibility {unknown}
 r - 4 potions of brilliance
 v - a potion of ambrosia {unknown}
 z - a potion of cancellation {unknown}
 A - 2 potions of flight {unknown}
 B - 3 potions of agility
 S - 2 potions of mutation {unknown}
 T - a potion of magic {unknown}
 V - a potion of lignification {unknown}
Books
 J - a book of Flames

   Spells                             Type                      Level
   a - Flame Tongue                   Conjuration/Fire             1
   b - Throw Flame                    Conjuration/Fire             2
   c - Conjure Flame                  Conjuration/Fire             3
   d - Inner Flame                    Hexes/Fire                   3
   e - Sticky Flame                   Conjuration/Fire             4
   f - Fireball                       Conjuration/Fire             5
 K - a book of Necromancy

   Spells                             Type                      Level
   a - Pain                           Necromancy                   1
   b - Animate Skeleton               Necromancy                   1
   c - Vampiric Draining              Necromancy                   3
   d - Regeneration                   Charms/Necromancy            3
   e - Animate Dead                   Necromancy                   4
   f - Control Undead                 Necromancy                   4
Comestibles
 f - 6 bread rations
 n - 4 royal jellies
 t - 4 meat rations


   Skills:
 + Level 8.0 Fighting
 + Level 12.2 Axes
 + Level 1.9(8.2) Polearms
 + Level 9.5 Armour
 + Level 3.8 Dodging
 + Level 1.3 Stealth
 + Level 9.2 Shields
 + Level 0.3 Evocations


You had 6 spell levels left.
You knew the following spells:

 Your Spells              Type           Power        Failure   Level  Hunger
a - Regeneration          Chrm/Necr      #.........   100%        3    ####...


Dungeon Overview and Level Annotations

Branches:
Dungeon (9/15)             Temple (0/1) D:5            Lair (1/6) D:9
    Orc: D:9-12

Altars:
Dithmenos
Fedhas
Nemelex Xobeh
Qazlal
Ru
Sif Muna
Uskayaw
Vehumet
Xom
Lugonu

Shops:
D:4 [   D:6 *

Annotations:
D:5 5 runed doors


Innate Abilities, Weirdness & Mutations

You reflexively headbutt those who attack you in melee.
You have a pair of horns on your head.


Message History

You headbutt the queen bee! You hit the queen bee but do no damage.
The queen bee is lightly wounded.
You barely miss the killer bee. You hit the killer bee.
You feel sick.
You block the killer bee's attack. x2; The killer bee stings you.
You block the killer bee's attack.
The killer bee stings you but does no damage.
The killer bee stings you. The queen bee stings you!
* * * LOW HITPOINT WARNING * * *
As you read the scroll of teleportation, it crumbles to dust.
You feel strangely unstable.
You feel sick. The killer bee stings you.
* * * LOW HITPOINT WARNING * * *
You are more poisoned.
The killer bee poisons you! You block the killer bee's attack.
The killer bee rages.
The killer bee stings you but does no damage.
You block the killer bee's attack. x2; The killer bee stings you!
* * * LOW HITPOINT WARNING * * *
The queen bee stings you.
You die...

.................................
..!..............................
.................................
.................................
.#P.##.##.#####P############.#...
########### ####yyy%%% ####..
##### #.#yyy%.%### #..
.##.############yyyyyy..#.#####..
...............†@# #........
...............y.########........
.................................
......................P..........
##....##########.####P###.###PP..
##....## ### ### ### ###..
##....=# #... #......# ### #####
####...
##....######P####...#######P###..


You could see a queen bee and 12 killer bees.

Vanquished Creatures
  A hydra (D:8)
  Pikel (D:7)
  Joseph (D:7)
  The ghost of NicuTudor the Sneak, a novice KoAs (D:7)
  A komodo dragon (Lair:1)
  2 hippogriffs
  A wyvern (D:9)
  A wraith (Ossuary)
  Eustachio (D:6)
  Edmund (D:5)
  A water moccasin (D:7)
  2 orc warriors
  A sky beast (D:7)
  4 centaurs
  3 ogres
  An elf zombie (Ossuary)
  2 bullfrogs
  A wyvern skeleton (D:7)
  4 scorpions
  18 killer bees
  4 howler monkeys
  5 wights (D:8)
  3 jellies
  2 crimson imps
  A bullfrog skeleton (D:5)
  4 iguanas
  8 orc wizards
  9 worker ants
  A big kobold zombie (Ossuary)
  2 hound zombies
  A hound skeleton (D:7)
  3 mummies (Ossuary)
  A howler monkey zombie (D:8)
  2 worker ant zombies
  4 gnolls (D:8)
  A howler monkey skeleton (D:6)
  10 adders
  A shadow imp (D:5)
  3 adder skeletons
  A worm (D:3)
  A dart slug (D:2)
  3 leopard geckos
  29 orcs
  5 giant cockroaches
  4 goblins
  8 hobgoblins
  8 jackals
  6 kobolds
  4 quokkas
  2 ball pythons (D:1)
  7 bats
  5 frilled lizards
  3 goblin zombies (Ossuary)
  2 hobgoblin zombies (Ossuary)
  A kobold zombie (Ossuary)
  A leopard gecko skeleton (D:8)
  2 leopard gecko zombies (D:7)
  2 quokka skeletons
  A quokka zombie (D:7)
  9 rats
  A plant (D:5)
218 creatures vanquished.

Vanquished Creatures (others)
  3 slaves (D:7)
  An orc wizard (D:7)
  A fungus (Lair:1)
  A plant (D:9)
6 creatures vanquished.

Grand Total: 224 creatures vanquished

Notes
Turn   | Place    | Note
-------+----------+-------------------------------------------
     0 | D:1      | equalderp2856 the Minotaur Fighter began the quest for the Orb.
     0 | D:1      | Reached XP level 1. HP: 19/19 MP: 0/0
   134 | D:1      | Reached XP level 2. HP: 23/27 MP: 1/1
   529 | D:1      | Reached XP level 3. HP: 32/33 MP: 2/2
   707 | D:2      | Found a blossoming altar of Fedhas.
   892 | D:2      | Reached skill level 3 in Axes
  1222 | D:2      | You fall through a shaft for 2 floors!
  1222 | D:4      | Noticed a scorpion
  1224 | D:4      | Reached XP level 4. HP: 41/41 MP: 3/3
  1226 | D:4      | Reached skill level 4 in Axes
  1227 | D:4      | Reached XP level 5. HP: 47/47 MP: 4/4
  1233 | D:4      | Found a sand-covered staircase.
  1239 | Ossuary  | Entered an ossuary
  1239 | Ossuary  | Noticed a wraith
  1239 | Ossuary  | Noticed a wraith
  1239 | Ossuary  | Noticed a wraith
  1260 | Ossuary  | Reached skill level 1 in Dodging
  1284 | Ossuary  | Reached skill level 5 in Axes
  1483 | Ossuary  | Noticed a wraith
  1505 | Ossuary  | Killed a wraith
  1505 | Ossuary  | Reached skill level 5 in Armour
  1505 | Ossuary  | Reached skill level 5 in Shields
  1505 | Ossuary  | Reached XP level 6. HP: 29/55 MP: 5/5
  1939 | D:4      | Found Lutiram's Antique Armour Boutique.
  2564 | D:3      | Found a stormy altar of Qazlal.
  2644 | D:3      | You fall through a shaft for 3 floors!
  2718 | D:6      | Got a shimmering ring mail
  2730 | D:6      | Identified the cursed +0 ring mail of the Poles {rElec rPois Int-5 Slay+2} (You found it on level 6 of the Dungeon)
  2730 | D:6      | Lost intelligence.
  2907 | D:6      | Found a corrupted altar of Lugonu.
  2907 | D:6      | Found Raobruv's Evil Emporium.
  2918 | D:6      | Reached skill level 5 in Fighting
  2918 | D:6      | Reached skill level 6 in Axes
  2918 | D:6      | Reached XP level 7. HP: 61/61 MP: 6/6
  2997 | D:6      | Identified a scroll of acquirement
  3000 | D:6      | Got a warped war axe
  3002 | D:6      | Identified the +4 war axe of Attainder {flame, Str+2 Int+3} (You acquired it on level 6 of the Dungeon)
  3231 | D:6      | Found a radiant altar of Vehumet.
  3419 | D:5      | Entered Level 5 of the Dungeon
  3476 | D:5      | Found a sparkling altar of Nemelex Xobeh.
  3476 | D:5      | Found a shimmering altar of Xom.
  3476 | D:5      | Found a shadowy altar of Dithmenos.
  3532 | D:5      | Found a runed door.
  3537 | D:5      | Found a runed gate.
  3538 | D:5      | Found a runed door.
  3550 | D:5      | Found a runed gate.
  3550 | D:5      | Found a runed gate.
  3624 | D:5      | Noticed Edmund
  3640 | D:5      | Killed Edmund
  3663 | D:5      | Reached skill level 7 in Axes
  3693 | D:5      | Found a staircase to the Ecumenical Temple.
  3920 | D:5      | Learned a level 3 spell: Regeneration
  4016 | D:5      | Reached XP level 8. HP: 48/68 MP: 7/7
  4426 | D:6      | Noticed Eustachio
  4436 | D:6      | Killed Eustachio
  4693 | D:6      | Reached skill level 8 in Axes
  5070 | D:3      | Found a faded altar of an unknown god.
  5473 | D:3      | Found a sacrificial altar of Ru.
  5883 | D:7      | Reached skill level 1 in Stealth
  6172 | D:7      | Reached skill level 9 in Axes
  6184 | D:7      | Reached XP level 9. HP: 55/75 MP: 8/8
  6285 | D:7      | Noticed Pikel
  6335 | D:7      | Killed Pikel
  6456 | D:7      | Noticed Joseph
  6466 | D:7      | Killed Joseph
  6466 | D:7      | Reached skill level 10 in Axes
  6827 | D:7      | Noticed NicuTudor's ghost (novice KoAs)
  7194 | D:8      | Reached skill level 11 in Axes
  7218 | D:8      | Found a deep blue altar of Sif Muna.
  7576 | D:8      | Found a hide-covered altar of Uskayaw.
  7582 | D:8      | Noticed a dagger
  7582 | D:8      | Noticed a hand axe
  7853 | D:9      | Noticed a four-headed hydra
  7870 | D:8      | Reached XP level 10. HP: 71/86 MP: 9/9
  8105 | D:7      | Killed NicuTudor's ghost
  8249 | D:8      | Killed a four-headed hydra
  8249 | D:8      | Reached skill level 1 in Polearms
  8409 | D:9      | Found a sacrificial altar of Ru.
  8458 | D:9      | Found a staircase to the Lair.
  8995 | Lair:1   | Entered Level 1 of the Lair of Beasts
  9108 | Lair:1   | Reached skill level 12 in Axes
  9341 | Lair:1   | HP: 4/88 [killer bee (9)]
  9341 | Lair:1   | Slain by a queen bee

Skill      XL: |  1  2  3  4  5  6  7  8  9 10 |
---------------+-------------------------------+-----
Fighting       | 4 5 7 8 |  8.0
Armour         | 4 5 6 7 8 9 |  9.5
Shields        | 4 5 7 8 9 |  9.2
Axes           | 3 4 5 6 7 9 11 12 | 12.2
Dodging        | 1 2 3 |  3.8
Stealth        | 1 |  1.3
Polearms       | 1 |  1.9
Evocations     | |  0.3

Action                   |  1- 3 |  4- 6 |  7- 9 | 10-12 || total
-------------------------+-------+-------+-------+-------++-------
Melee: War axe           |    90 |    98 |   298 |    12 ||   498
       Headbutt          |    14 |    20 |    63 |    23 ||   120
       Broad axe         |       |       |       |    93 ||    93
       Spear             |       |       |       |     8 ||     8
Evoke: Wand              |       |       |       |     3 ||     3
  Use: Potion            |     1 |     4 |     1 |     1 ||     7
       Scroll            |       |     1 |    12 |     2 ||    15
  Eat: Royal jelly       |       |     1 |     2 |       ||     3
       Chunk             |       |     3 |    12 |     3 ||    18
       Fruit             |       |       |     2 |       ||     2
Armor: Scale mail        |    42 |    30 |    24 |       ||    96
       Ring mail         |       |     2 |     2 |       ||     4
       Plate armour      |       |       |   108 |   102 ||   210
Dodge: Dodged            |    21 |    43 |    82 |    54 ||   200
Block: Shield            |    42 |    55 |   181 |   107 ||   385
